 Dungeon Crawl Stone Soup version 0.17-a0-1951-g62301d3 (webtiles) character file.

49 Kuldar the Skirmisher (level 3, -4/29 HPs)
             Began as a Demonspawn Berserker on Oct 3, 2015.
             Was a Believer of Trog.
             Slain by Sigmund
             ... wielding a +0 scythe
              (12 damage)
             ... on level 2 of the Dungeon.
             The game lasted 00:02:11 (1201 turns).

Kuldar the Skirmisher (Demonspawn Berserker)        Turns: 1201, Time: 00:02:11

Health: -4/29      AC:  2    Str: 18    XL:     3   Next: 51%
Magic:  3/3        EV: 12    Int:  8    God:    Trog [**....]
Gold:   75         SH:  0    Dex: 12    Spells: 0 memorised, 2 levels left

rFire  + . .     SeeInvis .     a - +0 falchion
rCold  . . .     Clarity  .     b - +0 animal skin
rNeg   . . .     SustAt   .     (no shield)
rPois  .         Gourm    .     (no helmet)
rElec  .         Spirit   .     (no cloak)
rCorr  .         Warding  .     (no gloves)
rMut   .         Stasis   .     (no boots)
MR     .....                    (no amulet)
Stlth  +.........               (no ring)
                                (no ring)

@: confused, very slightly contaminated, invisible, not resistant to hostile
enchantments, very unstealthy
A: fire resistance 1, spiny 1
a: Burn Spellbooks, Berserk, Trog's Hand, Renounce Religion


You were on level 2 of the Dungeon.
You worshipped Trog.
Trog was pleased with you.
You were not hungry.

You visited 1 branch of the dungeon, and saw 2 of its levels.

You collected 75 gold pieces.

Inventory:

Hand weapons
 a - a +0 falchion (weapon)
Armour
 b - a +0 animal skin (worn)
Scrolls
 d - a scroll of teleportation {unknown}
 h - a scroll of fear {unknown}
 i - 2 scrolls of identify {unknown}
 l - a scroll of immolation {unknown}
Potions
 f - a potion of brilliance {unknown}
 j - a potion of haste {unknown}
 k - a potion of degeneration {unknown}
 m - a potion of mutation {unknown}
Comestibles
 c - a bread ration
 g - a meat ration


   Skills:
 * Level 3.3 Fighting
 * Level 3.0 Long Blades
 * Level 2.4 Armour
 * Level 2.4 Dodging


You had 2 spell levels left.
You didn't know any spells.

Dungeon Overview and Level Annotations

Branches:
Dungeon (2/15)

Altars:

Annotations:
D:2 Sigmund


Innate Abilities, Weirdness & Mutations

Your flesh is heat resistant.
You are partially covered in sharp spines.


Message History

You hear some strange, mumbled words.
Something tries to affect you, but you resist.
A puff of flame appears from out of thin air!
The puff of flame hits you! You resist.
* * * LOW HITPOINT WARNING * * *
Unknown command.
You see here a goblin corpse.
Drink which item? (? for menu, Esc to quit)
It was a potion of invisibility.
You fade into invisibility!
You hear some strange, mumbled words.
You are confused.
You are very lightly contaminated with residual magic.
You bump into the rock wall.
You hear some strange, mumbled words.
A puff of flame appears from out of thin air!
The puff of flame hits you! You resist.
* * * LOW HITPOINT WARNING * * *
Something hits you!
You die...

... ### .. #.. ##
#.##.# #.. ....## ####
.. ..(. ....# #.##..#
#...# ##.
#.....###...####
.....#####÷..........##
#...†@{.............
#.######..........#
#.##.....##
#.##.....###
#......†...#
####...>.#.# #..#### #
#..# #######..#


There were no monsters in sight!

Vanquished Creatures
  An adder (D:2)
  2 ball pythons
  2 giant cockroaches (D:1)
  5 hobgoblins
  2 jackals (D:1)
  8 kobolds
  3 bats
  A giant gecko (D:1)
  2 giant newts (D:1)
  5 goblins
  7 rats
38 creatures vanquished.

Notes
Turn   | Place    | Note
--------------------------------------------------------------
     0 | D:1      | Kuldar the Demonspawn Berserker began the quest for the Orb.
     0 | D:1      | Reached XP level 1. HP: 18/18 MP: 1/1
   371 | D:1      | Gained mutation: Your flesh is heat resistant. [demonic ancestry]
   371 | D:1      | Reached XP level 2. HP: 22/24 MP: 2/2
   666 | D:1      | Acquired Trog's second power
  1007 | D:1      | Gained mutation: You are partially covered in sharp spines. [demonic ancestry]
  1007 | D:1      | Reached XP level 3. HP: 29/29 MP: 3/3
  1182 | D:2      | Noticed Sigmund
  1201 | D:2      | Slain by Sigmund

Vault maps used:
D:1:      scummos_arrival_star, minmay_misc_feat_enclosed,
          minmay_misc_feat_ornament
D:2:      hangedman_decor_diamond_cutter, uniq_sigmund

Action                   || total
-------------------------++-------
Melee: Falchion          ||    89
  Use: Potion            ||     1
 Stab: Sleeping          ||     1
  Eat: Chunk             ||     1
